 Dungeon Crawl Stone Soup version 0.18.1-2-ga659475 (webtiles) character file.

323926 Enish the Acrobat (level 22, -10/161 HPs)
             Began as a Kobold Monk on May 9, 2016.
             Was a High Priest of Trog.
             Mangled by an orc warrior
             ... wielding a +0 short sword
             ... led by Saint Roka
              (18 damage)
             ... on level 2 of the Elven Halls.
             The game lasted 02:18:47 (47671 turns).

Enish the Acrobat (Kobold Monk)                    Turns: 47671, Time: 02:18:47

Health: -10/161    AC: 17    Str: 15    XL:     22   Next: 55%
Magic:  0/22       EV: 45    Int: 10    God:    Trog [*****.]
Gold:   1523       SH: 19    Dex: 31    Spells: 0 memorised, 21 levels left

rFire  . . .     SeeInvis .     N - +8 eveningstar (crush)
rCold  . . .     Gourm    .     y - +3 troll leather armour
rNeg   + . .     Faith    .     i - +4 shield {rN+}
rPois  +         Spirit   +     (helmet restricted)
rElec  .         Dismiss  .     X - +1 cloak {rPois}
rCorr  .         Reflect  .     n - +2 pair of gloves {Dex+3}
SustAt .         Harm     .     a - +2 pair of boots {Stlth+}
MR     +....                    k - amulet of guardian spirit
Stlth  +++++++++.               Y - +5 ring of dexterity
                                r - +4 ring of evasion

@: exhausted, about to teleport, slowed, very slow, somewhat resistant to
hostile enchantments, incredibly stealthy
A: antennae 1, carnivore 3, clever 1, sense surroundings 1, robust 1, subdued
magic 1
a: Berserk, Trog's Hand, Brothers in Arms, Burn Spellbooks, Renounce Religion
}: 2/15 runes: serpentine, barnacled


You were on level 2 of the Elven Halls.
You worshipped Trog.
Trog was extremely pleased with you.
You were not hungry.

You visited 7 branches of the dungeon, and saw 39 of its levels.
You also visited: Bailey.

You collected 4265 gold pieces.
You spent 2742 gold pieces at shops.

Inventory:

Hand Weapons
 G - a +1 demon whip of freezing
 N - a +8 eveningstar of crushing (weapon)
Armour
 a - a +2 pair of boots of stealth (worn)
 i - a +4 shield of positive energy (worn)
 n - a +2 pair of gloves of dexterity (worn)
 y - a +3 troll leather armour (worn)
 X - a +1 cloak of poison resistance (worn)
Rods
 v - a +2 rod of inaccuracy (12/12)
   (You found it on level 2 of the Vaults)
Jewellery
 k - an amulet of guardian spirit (around neck)
 r - a +4 ring of evasion (left hand)
 u - an uncursed ring of resist corrosion
 B - an uncursed ring of see invisible
 F - an uncursed ring of protection from fire
 U - an uncursed ring of flight
 Y - a +5 ring of dexterity (right hand)
Wands
 p - a wand of teleportation (5/9)
 t - a wand of lightning (3/15)
 A - a wand of iceblast (7/15)
 D - a wand of teleportation (7/9)
 K - a wand of confusion (32/48)
 O - a wand of flame (28/48)
 T - a wand of teleportation (6/9)
 V - a wand of polymorph (11/24)
 W - a wand of polymorph (0/24)
 Z - a wand of hasting (7/9)
Scrolls
 d - 4 scrolls of blinking
 f - 2 scrolls of enchant armour
 g - 8 scrolls of identify
 o - 6 scrolls of holy word
 q - 8 scrolls of magic mapping
 w - 13 scrolls of remove curse
 x - 2 scrolls of recharging
 H - 4 scrolls of teleportation
 I - 4 scrolls of fear
 R - 3 scrolls of fog
Potions
 c - 3 potions of resistance
 e - 3 potions of cure mutation
 j - 10 potions of curing
 l - 3 potions of invisibility
 m - 3 potions of magic
 s - 2 potions of brilliance
 C - 6 potions of heal wounds
 E - 3 potions of flight
 J - 2 potions of lignification
 L - a potion of cancellation
 P - 2 potions of might
 Q - a potion of agility
 S - a potion of haste
Miscellaneous
 z - a fan of gales
Comestibles
 b - 13 meat rations


   Skills:
 - Level 18.0 Fighting
 - Level 16.1 Maces & Flails
 - Level 7.0 Armour
 - Level 24.1 Dodging
 * Level 15.5 Stealth
 - Level 13.1 Shields
 - Level 4.0 Unarmed Combat


You had 21 spell levels left.
You didn't know any spells.

Dungeon Overview and Level Annotations

Branches:
Dungeon (15/15)            Temple (0/1) D:4            Lair (8/8) D:9
 Shoals (4/4) Lair:3        Snake (4/4) Lair:4        Slime (0/6) Lair:6
    Orc (2/2) D:10            Elf (2/3) Orc:2        Vaults (4/5) D:13
  Crypt (0/3) Vaults:3     Depths (0/5) D:15

Altars:
Ashenzari
Dithmenos
Elyvilon
Gozag
Makhleb
Okawaru
Pakellas
Qazlal
Ru
Sif Muna
Trog
Vehumet
Xom
Yredelemnul
Beogh
Jiyva

Shops:
D:15 ?   Orc:2 (}%=([   Elf:1 (   Elf:2 [   Shoals:3 [   Snake:1 %   Snake:4 ?

Portals:
Hell: Lair:8
Trove: Vaults:1 (show abyssal rune of Zot)

Annotations:
D:4 3 exclusions
Lair:1 exclusion: downstairs
Elf:2 Saint Roka


Innate Abilities, Weirdness & Mutations

You are small and have problems with some larger weapons.
You are carnivorous and can eat meat at any time.
You have a pair of small antennae on your head.
Your mind is acute. (Int +2)
You passively map a small area around you.
You are robust (+10% HP).
Your spells are a little easier to cast, but a little less powerful.


Message History

Beogh smites you!
The deep elf knight hits you with an uncursed short sword.
The orc warrior closely misses you. The deep elf mage misses you.
You closely miss Saint Roka.
Saint Roka is almost dead.
The hand axe of distortion hits you.
You feel strangely unstable. You block the deep elf knight's attack.
You block the redback's attack.
The battleaxe of electrocution hits you!!
* * * LOW HITPOINT WARNING * * *
You are electrocuted!
* * * LOW HITPOINT WARNING * * *
Saint Roka says, "Down here, you're an orc or you're nobody."
Saint Roka calls down the wrath of Beogh upon you.
Beogh smites you!
* * * LOW HITPOINT WARNING * * *
The deep elf knight hits you with an uncursed short sword!
* * * LOW HITPOINT WARNING * * *
The orc warrior misses you.
The orc warrior hits you with a short sword!!
You die...

...## * , ,
....###...........##
.....#.............# .,
...................## ..
....................#...
........................
..............o)oo......
...............eo(.4....,
...........(..o(@s4.....
...............oee......
*
...............e....#...
...................## .
.....#.............#
....###...........##
...## ##..........# ,,
....###............# ,
.)...#.............. ,


You could see Saint Roka, 2 deep elf knights, a rust devil, 2 deep elf magi, a
red devil, 3 orc warriors, a redback, 2 dancing weapons and 2 orcs.

Vanquished Creatures
  Norris (Snake:4)
  Nikola (Elf:2)
  Jorgrun (Shoals:4)
  Asterion (Snake:3)
  Frances (Shoals:2)
  A sphinx (Vaults:4)
  Agnes (Snake:3)
  An ancient champion (Vaults:3)
  The ghost of Potsanchik the Eclecticist, an adept DEIE of Sif Muna (Snake:4)
  The ghost of tyrsky the Warrior, a journeyman MiGl of Okawaru (Shoals:4)
  11 greater nagas
  A fire giant (Vaults:4)
  2 frost giants (Shoals:4)
  Donald (Elf:2)
  6 vault wardens
  6 ironheart preservers
  3 very ugly things (Vaults:4)
  A deep elf demonologist (Elf:2)
  3 stone giants
  The ghost of Ge0ff the Protected, a journeyman FoSk of Okawaru (Orc:1)
  An ettin (Orc:2)
  Snorg (Orc:2)
  2 merfolk javelineers
  11 vault guards
  13 merfolk impalers
  3 fire dragons
  A great orb of eyes (Vaults:2)
  4 yaktaur captains
  11 hydras
  12 naga warriors
  3 merfolk avatars
  6 anacondas
  2 catoblepae
  3 death knights
  2 deep troll shamans (Vaults:4)
  6 centaur warriors
  5 ogre magi
  2 alligator snapping turtles (Shoals:4)
  20 dancing weapons
  5 orc high priests (Orc:2)
  4 death yaks
  2 deep troll earth magi (Vaults:3)
  Urug (Lair:1)
  11 shock serpents
  17 deep elf knights
  8 naga sharpshooters
  2 salamander mystics
  A sun demon (Lair:8)
  2 fire crabs
  2 shadow wraiths
  2 flayed ghosts
  15 sea snakes
  6 skeletal warriors
  A giant orange brain (Vaults:3)
  An unseen horror (Vaults:1)
  11 naga ritualists
  8 ironbrand convokers
  7 deep trolls
  A harpy (shapeshifter) (Vaults:3)
  29 harpies
  A phantasmal warrior (Vaults:2)
  12 orc knights
  A shadow dragon skeleton (Vaults:3)
  10 deep elf archers
  Pikel (D:9)
  5 hill giants
  18 ugly things
  4 wolf spider zombies
  2 necromancers
  4 wizards
  A human zombie (Vaults:1)
  6 wolf spiders
  4 orc sorcerers
  51 deep elf magi
  11 griffons
  4 hornets
  10 mana vipers
  8 salamanders
  A faun (Shoals:1)
  9 cyclopes
  3 centaur zombies
  5 sirens
  10 manticores
  11 elephants
  10 vault sentinels
  30 black mambas
  A stone giant skeleton (Vaults:1)
  7 water nymphs
  21 naga magi
  Psyche (D:8)
  A guardian serpent (Snake:4)
  3 torpor snails
  3 orange demons (Lair:8)
  11 spiny frogs
  5 rime drakes
  4 freezing wraiths
  A yaktaur (shapeshifter) (Elf:1)
  12 komodo dragons
  11 yaktaurs
  2 ice devils (Lair:8)
  A hellwing (Lair:8)
  A red devil (Lair:8)
  A polar bear (Lair:6)
  A wolf spider simulacrum (D:15)
  3 trolls
  2 raiju (shapeshifter)
  26 merfolk
  3 two-headed ogres
  17 blink frogs
  4 boulder beetles
  10 snapping turtles
  A stone giant simulacrum (Vaults:1)
  9 slime creatures
  2 air elementals (Elf:1)
  A centaur simulacrum (D:15)
  2 redbacks (Vaults:4)
  2 shadows
  2 spriggans (Lair:6)
  2 wyverns
  2 water elementals (Elf:1)
  5 wraiths
  49 yaks
  A flying skull (Vaults:3)
  A tarantella (shapeshifter) (Vaults:2)
  2 fire elementals
  6 basilisks
  A yak (shapeshifter) (Vaults:4)
  A basilisk (shapeshifter) (D:13)
  A steam dragon (Lair:4)
  4 hungry ghosts
  5 vampire mosquitoes
  10 hippogriffs
  3 wargs
  A harpy simulacrum (D:15)
  2 mottled dragons
  The ghost of Enish the Insei, an amateur KoMo (D:3)
  The ghost of Enish the Ducker, an amateur KoMo (D:4)
  45 nagas
  13 porcupines
  A giant eyeball (shapeshifter) (Vaults:3)
  A hell hound (Lair:8)
  18 water moccasins
  3 black bears
  35 orc warriors
  2 swamp drakes (Lair:4)
  3 sky beasts
  2 wasps
  A necrophage (D:11)
  5 phantoms
  2 eyes of draining
  22 ogres
  20 centaurs
  5 wolves
  8 crocodiles
  A big kobold (D:12)
  20 giant frogs
  A glowing shapeshifter simulacrum (Vaults:3)
  A gnoll sergeant (D:8)
  A wyvern skeleton (D:14)
  A water moccasin zombie (D:6)
  2 scorpions
  2 troll zombies (D:10)
  23 killer bees
  11 wights
  2 howler monkeys (D:10)
  6 electric eels
  7 crimson imps
  2 quasits
  3 giant frog zombies
  7 hounds
  19 orc wizards
  18 orc priests
  5 giant frog skeletons
  A gnoll shaman (D:9)
  7 jellies
  Jessica (D:3)
  7 iguanas
  15 worker ants
  8 sheep
  6 ogre zombies (D:10)
  A howler monkey zombie (D:8)
  A worker ant zombie (D:10)
  Robin (D:2)
  15 gnolls
  68 river rats
  17 adders
  A shadow imp (D:7)
  5 oozes (D:9)
  An adder skeleton (D:8)
  6 worms
  A dart slug (D:1)
  5 giant geckos
  62 orcs
  3 giant cockroaches
  14 goblins
  9 hobgoblins
  7 jackals
  7 quokkas
  7 bats
  3 giant newts
  5 goblin zombies (D:10)
  A hobgoblin skeleton (D:10)
  2 hobgoblin zombies (D:10)
  15 kobolds
  An orc skeleton (D:10)
  16 orc zombies (D:10)
  3 rats
1430 creatures vanquished.

Vanquished Creatures (collateral kills)
  Polyphemus (Shoals:2)
  Ilsuiw (Shoals:4)
  An orc warlord (Orc:2)
  An ironheart preserver (Vaults:4)
  Nessos (Lair:7)
  4 merfolk javelineers (Shoals:4)
  4 merfolk impalers (Shoals:4)
  A great orb of eyes (Vaults:4)
  The ghost of Enish the Black Belt, a journeyman KoMo of Dithmenos (Lair:2)
  A merfolk avatar (Shoals:2)
  A satyr (Shoals:4)
  A naga warrior (Snake:4)
  A dancing weapon (Elf:2)
  A shock serpent (Snake:3)
  4 naga sharpshooters
  Sonja (Orc:2)
  Nergalle (Lair:4)
  A naga ritualist (Snake:4)
  2 sea snakes (Shoals:4)
  A deep troll (Vaults:4)
  An ironbrand convoker (Vaults:4)
  A griffon (Shoals:4)
  2 cyclopes
  A mana viper (Snake:4)
  3 ugly things
  A manticore (Shoals:4)
  A sixfirhy (Lair:8)
  2 naga magi
  A guardian serpent (Snake:3)
  3 sirens
  4 black mambas (Snake:4)
  A spiny frog (Lair:5)
  A freezing wraith (Vaults:4)
  A yaktaur (Shoals:4)
  An efreet (D:13)
  3 ice devils (Lair:8)
  2 trolls (Orc:2)
  7 merfolk (Shoals:4)
  A boulder beetle (Vaults:4)
  A slime creature (Vaults:1)
  2 snapping turtles (Shoals:4)
  A water elemental (Shoals:4)
  A basilisk (D:13)
  2 yaks (Lair:5)
  A hippogriff (Lair:5)
  3 nagas
  4 orc warriors (Orc:2)
  A sky beast (D:7)
  An ogre (Orc:2)
  4 wolves (Lair:4)
  A centaur (D:8)
  A crocodile (Lair:2)
  A giant frog (Lair:2)
  A wight (D:13)
  5 orc priests (Orc:2)
  An iguana (Lair:2)
  An orc wizard (Orc:2)
  A river rat (Lair:5)
  9 orcs (Orc:2)
109 creatures vanquished.

Vanquished Creatures (others)
  An ironheart preserver (Vaults:4)
  A deep elf high priest (Elf:1)
  A necromancer (Vaults:1)
  An ugly thing (Vaults:1)
  A deep elf mage (Vaults:2)
  A hippogriff (Lair:8)
  A naga (Snake:4)
  A slave (D:9)
  4 killer bees (D:14)
  A hound (D:9)
  2 orcs (Elf:2)
  8 fungi
  26 plants
49 creatures vanquished.

Grand Total: 1588 creatures vanquished

Notes
Turn   | Place    | Note
--------------------------------------------------------------
     0 | D:1      | Enish the Kobold Monk began the quest for the Orb.
     0 | D:1      | Reached XP level 1. HP: 14/14 MP: 1/1
   150 | D:1      | Reached skill level 4 in Dodging
   347 | D:1      | Reached XP level 2. HP: 19/19 MP: 2/2
  1005 | D:2      | Found a bloodstained altar of Trog.
  1045 | D:2      | Became a worshipper of Trog the Wrathful
  1045 | D:2      | Reached * piety under Trog
  1045 | D:2      | Reached ** piety under Trog
  1171 | D:2      | Reached skill level 1 in Maces & Flails
  1171 | D:2      | Reached XP level 3. HP: 9/23 MP: 3/3
  1796 | D:2      | Found a shimmering altar of Xom.
  1831 | D:2      | Noticed Robin
  1887 | D:2      | Killed Robin
  1887 | D:2      | Reached XP level 4. HP: 28/28 MP: 4/4
  2621 | D:3      | Found a shadowy altar of Dithmenos.
  2684 | D:3      | Reached XP level 5. HP: 28/32 MP: 5/5
  2710 | D:3      | Reached *** piety under Trog
  3504 | D:3      | Noticed Jessica
  3510 | D:3      | Killed Jessica
  3510 | D:3      | Reached XP level 6. HP: 37/37 MP: 6/6
  3552 | D:3      | Noticed Enish's ghost (amateur KoMo)
  3576 | D:3      | Killed Enish's ghost
  3576 | D:3      | Reached skill level 5 in Maces & Flails
  4204 | D:4      | Found a staircase to the Ecumenical Temple.
  4214 | D:4      | Reached XP level 7. HP: 35/41 MP: 7/7
  4237 | D:4      | Noticed Enish's ghost (amateur KoMo)
  4264 | D:4      | Killed Enish's ghost
  4264 | D:4      | Reached skill level 5 in Dodging
  4548 | D:4      | Found a deep blue altar of Sif Muna.
  4776 | D:4      | Found a white marble altar of Elyvilon.
  5022 | D:5      | Entered Level 5 of the Dungeon
  5060 | D:5      | Reached skill level 6 in Dodging
  5361 | D:5      | Found a shattered altar of Ashenzari.
  5693 | D:5      | Reached XP level 8. HP: 45/46 MP: 8/8
  5877 | D:5      | Reached skill level 1 in Shields
  6770 | D:6      | Found a stormy altar of Qazlal.
  7073 | D:6      | Found a burning altar of Makhleb.
  7344 | D:6      | Reached **** piety under Trog
  8138 | D:7      | Found an oddly glowing altar of Pakellas.
  8344 | D:7      | Reached skill level 5 in Shields
  8344 | D:7      | Reached XP level 9. HP: 13/51 MP: 9/9
  8348 | D:7      | Gained mutation: You have a pair of small antennae on your head. [mutagenic meat]
  9304 | D:8      | Noticed Psyche
  9318 | D:8      | Killed Psyche
  9579 | D:8      | Found a basalt altar of Yredelemnul.
  9588 | D:8      | Found a radiant altar of Vehumet.
  9752 | D:8      | Noticed a two-headed ogre
  9756 | D:8      | Killed a two-headed ogre
  9756 | D:8      | Reached skill level 10 in Maces & Flails
 10134 | D:9      | Noticed a troll
 10153 | D:9      | Killed a troll
 10153 | D:9      | Reached skill level 7 in Dodging
 10153 | D:9      | Reached XP level 10. HP: 55/56 MP: 10/10
 10236 | D:9      | Found a flagged portal.
 10271 | Bailey   | Entered a bailey
 10508 | D:9      | Found an iron altar of Okawaru.
 10529 | D:9      | Gained mutation: You passively map a small area around you. [mutagenic meat]
 10530 | D:9      | Gained mutation: Your spells are a little easier to cast, but a little less powerful. [mutagenic meat]
 10531 | D:9      | Gained mutation: You are robust (+10% HP). [mutagenic meat]
 10702 | D:9      | Noticed Pikel
 10749 | D:9      | Killed Pikel
 10749 | D:9      | Reached skill level 9 in Dodging
 10806 | D:9      | Found an opulent altar of Gozag.
 11081 | D:9      | Noticed a komodo dragon
 11101 | D:9      | Found a staircase to the Lair.
 11113 | D:9      | Killed a komodo dragon
 11207 | D:9      | Found a viscous altar of Jiyva.
 11255 | D:10     | Entered Level 10 of the Dungeon
 11423 | D:10     | Found a staircase to the Orcish Mines.
 11510 | D:10     | Reached ***** piety under Trog
 12062 | D:10     | Noticed a hill giant
 12071 | D:10     | Killed a hill giant
 12071 | D:10     | Reached XP level 11. HP: 66/66 MP: 11/11
 12432 | D:10     | Reached skill level 10 in Dodging
 12661 | D:10     | Reached skill level 11 in Dodging
 12803 | D:10     | Received a gift from Trog
 12842 | D:10     | Noticed an orc sorcerer
 12858 | D:10     | Killed an orc sorcerer
 13009 | D:11     | Noticed a hill giant
 13018 | D:11     | Killed a hill giant
 13160 | Lair:1   | Entered Level 1 of the Lair of Beasts
 13338 | Lair:1   | Reached skill level 12 in Dodging
 14196 | Lair:1   | Noticed Urug
 14206 | Lair:1   | Killed Urug
 14380 | Lair:2   | Noticed Enish's ghost (journeyman KoMo)
 14749 | Lair:2   | Noticed an eight-headed hydra
 14893 | Lair:2   | Killed Enish's ghost
 14894 | Lair:2   | Noticed a four-headed hydra
 14899 | Lair:2   | Killed a five-headed hydra
 15036 | Lair:2   | Killed an eight-headed hydra
 15036 | Lair:2   | Reached XP level 12. HP: 70/70 MP: 12/12
 15313 | Lair:2   | Received a gift from Trog
 15667 | Lair:2   | Reached skill level 5 in Fighting
 15922 | Lair:3   | Noticed a four-headed hydra
 15929 | Lair:3   | Killed a four-headed hydra
 16529 | Lair:3   | Found a staircase to the Shoals.
 16773 | Lair:4   | Found a staircase to the Snake Pit.
 16867 | Lair:4   | Received a gift from Trog
 16991 | Lair:4   | Reached XP level 13. HP: 67/89 MP: 13/13
 17060 | Lair:4   | Reached skill level 10 in Fighting
 17217 | Lair:4   | Noticed Nergalle
 17262 | Lair:4   | Killed Nergalle
 17271 | Lair:4   | Got a transparent leather armour
 17272 | Lair:4   | Identified the +2 leather armour "Porath" {rCorr Str+4 Dex-3} (You found it on level 4 of the Lair of Beasts)
 17436 | Lair:4   | Reached skill level 13 in Dodging
 18069 | Lair:5   | Noticed a six-headed hydra
 18078 | Lair:5   | Received a gift from Trog
 18123 | Lair:5   | Killed a six-headed hydra
 18123 | Lair:5   | Reached skill level 14 in Dodging
 18232 | Lair:5   | Noticed a catoblepas
 18244 | Lair:5   | Killed a catoblepas
 18257 | Lair:5   | Noticed a six-headed hydra
 18269 | Lair:5   | Killed a six-headed hydra
 18495 | Lair:5   | Reached skill level 15 in Maces & Flails
 18777 | Lair:5   | Reached XP level 14. HP: 96/96 MP: 14/14
 19190 | Lair:6   | Found a staircase to the Slime Pits.
 19191 | Lair:6   | Found a viscous altar of Jiyva.
 19576 | Lair:6   | Received a gift from Trog
 19598 | Lair:6   | Got a shimmering morningstar {god gift}
 19601 | Lair:6   | Identified the +6 morningstar "Xuzofius" {venom, Str+7 Dex-3} (Trog gifted it to you on level 6 of the Lair of Beasts)
 20113 | Lair:7   | Reached skill level 15 in Dodging
 20584 | Lair:7   | Noticed Nessos
 20621 | Lair:7   | Killed Nessos
 21031 | Lair:8   | Entered Level 8 of the Lair of Beasts
 21240 | Lair:8   | Reached skill level 16 in Dodging
 21363 | Lair:8   | Received a gift from Trog
 21366 | Lair:8   | Got a steaming mace {god gift}
 21369 | Lair:8   | Identified the +10 mace "Huynwic" {crush, +Inv rN++ Str+4 Int-3} (Trog gifted it to you on level 8 of the Lair of Beasts)
 21871 | Lair:8   | Reached skill level 17 in Dodging
 21972 | Lair:8   | Found a burning altar of Makhleb.
 21989 | Lair:8   | Reached XP level 15. HP: 90/101 MP: 12/15
 22189 | Lair:8   | Found a gateway to Hell.
 22771 | Orc:1    | Entered Level 1 of the Orcish Mines
 22844 | Orc:1    | Noticed Ge0ff's ghost (journeyman FoSk)
 22878 | Orc:1    | Killed Ge0ff's ghost
 22878 | Orc:1    | Reached skill level 18 in Dodging
 23239 | Orc:2    | Entered Level 2 of the Orcish Mines
 23241 | Orc:2    | Found a staircase to the Elven Halls.
 23243 | Orc:2    | Found Uqicec's Antique Weapon Boutique.
 23245 | Orc:2    | Noticed Snorg
 23265 | Orc:2    | Killed Snorg
 23441 | Orc:2    | Found Jailamib's Quality Used Wands.
 23815 | Orc:2    | Received a gift from Trog
 24157 | Orc:2    | Noticed Sonja
 24187 | Orc:2    | Killed Sonja
 24187 | Orc:2    | Reached skill level 19 in Dodging
 24319 | Orc:2    | Noticed an orc warlord
 24338 | Orc:2    | Killed an orc warlord
 24338 | Orc:2    | Reached skill level 1 in Armour
 24953 | Orc:2    | Found Nyazun's Food Shop.
 24953 | Orc:2    | Found Jefoy's Armour Shop.
 24954 | Orc:2    | Found Pupaeteu's Jewellery Shop.
 24954 | Orc:2    | Found Car Pem's Weapon Boutique.
 24977 | Orc:2    | Bought a +1 cloak of poison resistance for 148 gold pieces
 24998 | Orc:2    | Bought a +4 ring of evasion for 432 gold pieces
 25007 | Orc:2    | Bought a +5 ring of dexterity for 494 gold pieces
 25160 | Orc:1    | Found a roughly hewn altar of Beogh.
 25787 | D:12     | Identified a scroll of acquirement
 25790 | D:12     | Got a spiked hat
 25796 | D:12     | Identified the -4 hat of Torumoicw {Int+5} (You acquired it on level 12 of the Dungeon)
 25942 | D:12     | Got a scorched rapier
 25943 | D:12     | Identified the +9 rapier "Xiwnus" {pain, rElec MR+} (You found it on level 12 of the Dungeon)
 26001 | D:12     | Found a sacrificial altar of Ru.
 26170 | D:13     | Received a gift from Trog
 26274 | D:13     | Reached XP level 16. HP: 110/110 MP: 16/16
 26344 | D:13     | Got a bloodstained whip
 26345 | D:13     | Identified the +2 whip of the Median {slash, Dex+3} (You found it on level 13 of the Dungeon)
 26486 | D:13     | Found a gate to the Vaults.
 26697 | D:13     | Got a polished trident
 26698 | D:13     | Identified the +6 trident "Zagewnin" {flame, rF+} (You found it on level 13 of the Dungeon)
 27350 | D:14     | Received a gift from Trog
 27956 | Snake:1  | Entered Level 1 of the Snake Pit
 27956 | Snake:1  | Found Upiavaj's Food Emporium.
 28244 | Snake:1  | Reached skill level 20 in Dodging
 29125 | Snake:2  | Got a shadowed robe
 29126 | Snake:2  | Identified the +0 robe "Tyazxir" {Int+6} (You found it on level 2 of the Snake Pit)
 29963 | Snake:3  | Noticed a greater naga
 30095 | Snake:3  | Killed a greater naga
 30124 | Snake:3  | Noticed Agnes
 30140 | Snake:3  | Reached XP level 17. HP: 73/114 MP: 9/17
 30153 | Snake:3  | Killed Agnes
 30153 | Snake:3  | Reached skill level 10 in Shields
 30671 | Snake:3  | Received a gift from Trog
 30821 | Snake:3  | Noticed Asterion
 30840 | Snake:3  | Killed Asterion
 31763 | D:15     | Entered Level 15 of the Dungeon
 31821 | D:15     | Gained mutation: Your mind is acute. (Int +2) [potion of beneficial mutation]
 31847 | D:15     | Found Xyufidicia's Magic Scroll Shoppe.
 31852 | D:15     | Bought 3 scrolls of identify for 66 gold pieces
 31852 | D:15     | Bought a scroll of identify for 22 gold pieces
 32262 | D:15     | Found a staircase to the Depths.
 32744 | Shoals:1 | Entered Level 1 of the Shoals
 32828 | Shoals:1 | Reached skill level 21 in Dodging
 33325 | Shoals:1 | Reached ****** piety under Trog
 33333 | Shoals:1 | Received a gift from Trog
 33526 | Shoals:2 | Noticed Polyphemus
 33775 | Shoals:2 | Reached XP level 18. HP: 124/124 MP: 18/18
 34105 | Shoals:2 | Killed Polyphemus
 34110 | Shoals:2 | Noticed Frances
 34130 | Shoals:2 | Killed Frances
 34987 | Shoals:3 | Received a gift from Trog
 35008 | Shoals:3 | Found Zecovoz's Armour Shoppe.
 35023 | Shoals:3 | Bought a +2 pair of boots of stealth for 258 gold pieces
 35023 | Shoals:3 | Bought the +0 leather armour of Gaohap {MR+ rCorr Str+6} for 393 gold pieces
 35328 | Shoals:4 | Entered Level 4 of the Shoals
 35370 | Shoals:4 | Noticed Ilsuiw
 35555 | Shoals:4 | Killed Ilsuiw
 35569 | Shoals:4 | Reached skill level 15 in Fighting
 36088 | Shoals:4 | Noticed tyrsky's ghost (journeyman MiGl)
 36126 | Shoals:4 | Killed tyrsky's ghost
 36251 | Shoals:4 | Received a gift from Trog
 36634 | Shoals:4 | Noticed Jorgrun
 36651 | Shoals:4 | Killed Jorgrun
 36651 | Shoals:4 | Reached XP level 19. HP: 104/137 MP: 14/19
 37127 | Shoals:4 | Got a barnacled rune of Zot
 37469 | Vaults:1 | Entered Level 1 of the Vaults
 37722 | Vaults:1 | Received a gift from Trog
 38960 | Vaults:1 | Received a gift from Trog
 39150 | Vaults:1 | Found a portal to a secret trove of treasure.
 39193 | Vaults:1 | Reached skill level 22 in Dodging
 39840 | Vaults:2 | Reached XP level 20. HP: 144/144 MP: 20/20
 40163 | Vaults:2 | Got a transparent shield
 40164 | Vaults:2 | Identified the +2 shield "Satocrom" {rCorr} (You found it on level 2 of the Vaults)
 40355 | Vaults:2 | Identified a +2 rod of inaccuracy (12/12) (You found it on level 2 of the Vaults)
 40739 | Vaults:3 | Reached skill level 23 in Dodging
 40804 | Vaults:3 | Found a staircase to the Crypt.
 41242 | Vaults:3 | Received a gift from Trog
 41495 | Vaults:3 | Reached skill level 24 in Dodging
 42041 | Vaults:4 | Reached skill level 5 in Armour
 42442 | Vaults:4 | Received a gift from Trog
 42455 | Vaults:4 | Reached XP level 21. HP: 149/149 MP: 17/21
 42571 | Vaults:4 | Reached skill level 5 in Stealth
 42772 | Vaults:4 | Paralysed by a sphinx for 4 turns
 43492 | Snake:4  | Entered Level 4 of the Snake Pit
 43588 | Snake:3  | Received a gift from Trog
 43835 | Snake:4  | Noticed Norris
 43839 | Snake:4  | Paralysed by Norris for 3 turns
 43846 | Snake:4  | Killed Norris
 43849 | Snake:4  | Found Norghed's Magic Scroll Shoppe.
 43857 | Snake:4  | Reached skill level 10 in Stealth
 43970 | Snake:4  | Bought a scroll of fear for 73 gold pieces
 43970 | Snake:4  | Bought a scroll of blinking for 157 gold pieces
 43970 | Snake:4  | Bought a scroll of blinking for 157 gold pieces
 43970 | Snake:4  | Bought a scroll of teleportation for 63 gold pieces
 43970 | Snake:4  | Bought a scroll of enchant armour for 157 gold pieces
 43970 | Snake:4  | Bought a scroll of identify for 42 gold pieces
 43973 | Snake:4  | Noticed Potsanchik's ghost (adept DEIE)
 44008 | Snake:4  | Killed Potsanchik's ghost
 44951 | Snake:4  | Received a gift from Trog
 45231 | Snake:4  | Got a serpentine rune of Zot
 45309 | Snake:4  | Reached skill level 15 in Stealth
 45897 | Elf:1    | Entered Level 1 of the Elven Halls
 45988 | Elf:1    | Reached XP level 22. HP: 156/156 MP: 22/22
 46214 | Elf:1    | Received a gift from Trog
 46430 | Elf:1    | Found Wodo's Weapon Shoppe.
 46814 | Elf:2    | Noticed Nikola
 46830 | Elf:2    | Killed Nikola
 46860 | Elf:2    | Noticed a Tzitzimitl
 47082 | Elf:2    | Found a runed gate.
 47082 | Elf:2    | Found a runed gate.
 47085 | Elf:2    | Found a runed gate.
 47132 | Elf:2    | Found Sumuis's Antique Armour Boutique.
 47138 | Elf:2    | Received a gift from Trog
 47148 | Elf:2    | Bought an encrusted leather armour for 280 gold pieces
 47154 | Elf:2    | Identified the +1 leather armour of Fouz {MR- MP+9 Str+4 Dex+3} (You bought it in a shop on level 2 of the Elven Halls)
 47557 | Elf:2    | Noticed Donald
 47574 | Elf:2    | Killed Donald
 47641 | Elf:2    | Noticed Saint Roka
 47671 | Elf:2    | HP: 8/161 [deep elf knight/uncursed short sword (8)]
 47671 | Elf:2    | Mangled by an orc warrior

Skill      XL: |  1  2  3  4  5  6  7  8  9 10 11 12 13 14 15 16 17 18 19 20 21 22 |
---------------+-------------------------------------------------------------------+-----
Dodging        | 4 6 7 9 12 14 17 19 20 21 22 24 | 24.1
Maces & Flails | 1 2 3 4 6 7 10 12 13 14 15 16 | 16.1
Shields        | 5 6 9 11 13 | 13.1
Fighting       | 9 10 11 12 16 18 | 18.0
Armour         | 3 6 7 |  7.0
Stealth        | 15 | 15.5
Unarmed Combat | |  4.0

Action                   |  1- 3 |  4- 6 |  7- 9 | 10-12 | 13-15 | 16-18 | 19-21 | 22-24 || total
-------------------------+-------+-------+-------+-------+-------+-------+-------+-------++-------
Melee: Unarmed           |    54 |       |       |       |       |       |       |       ||    54
       Whip              |     7 |   195 |   664 |   511 |       |       |       |       ||  1377
       Punch             |     1 |     4 |     6 |       |       |       |       |       ||    11
       Morningstar       |       |       |       |   362 |   212 |       |       |       ||   574
       Demon whip        |       |       |       |    52 |       |       |       |       ||    52
       Eveningstar       |       |       |       |       |  1345 |  1712 |  1744 |   289 ||  5090
Invok: Berserk           |     2 |     3 |    17 |    17 |    26 |    20 |    23 |     4 ||   112
       Brothers in Arms  |       |       |     2 |     3 |    18 |    12 |    11 |     2 ||    48
       Burn Spellbooks   |       |       |     1 |     4 |       |     3 |     3 |     2 ||    13
       Trog's Hand       |       |       |       |       |       |     1 |       |     1 ||     2
Evoke: Wand              |       |       |       |       |     1 |       |       |       ||     1
  Use: Scroll            |     5 |     6 |     3 |    17 |    18 |    14 |     9 |     2 ||    74
       Potion            |       |       |     6 |       |     3 |     2 |     2 |       ||    13
 Stab: Sleeping          |     1 |     7 |     7 |    12 |    17 |    14 |    18 |    16 ||    92
       Distracted        |       |     2 |       |       |     6 |     8 |    14 |     1 ||    31
       Confused          |       |       |       |     1 |       |       |       |       ||     1
  Eat: Chunk             |     7 |    17 |    23 |    29 |    61 |    52 |    37 |     2 ||   228
       Pizza             |       |       |     1 |     2 |       |       |     2 |     1 ||     6
       Meat ration       |       |       |     1 |     1 |       |       |       |     1 ||     3
       Royal jelly       |       |       |       |     3 |     4 |     2 |     4 |       ||    13
       Beef jerky        |       |       |       |       |       |       |     2 |       ||     2
Armor: Robe              |     7 |    20 |    58 |    37 |       |       |       |       ||   122
       Troll leather arm |       |       |       |     7 |   146 |    82 |    92 |     9 ||   336
       Leather armour    |       |       |       |       |       |     6 |       |       ||     6
Dodge: Dodged            |    34 |   112 |   441 |   517 |  1506 |  1381 |  1212 |   202 ||  5405
Block: Shield            |       |       |     1 |       |       |  1068 |  1372 |   194 ||  2635
       Buckler           |       |       |   115 |   239 |   561 |    97 |       |       ||  1012
